 Dungeon Crawl Stone Soup version 0.31.0-9-g3a7656b989 (webtiles) character file.

Game seed: 11113958952437577879

86 qw the Shooter (level 4, -1/22 HPs)
             Began as a Spriggan Hunter on Feb 2, 2024.
             Slain by a kobold brigand
             ... wielding a +0 short sword
              (4 damage)
             ... in a sewer.
             The game lasted 00:00:07 (1257 turns).

qw the Shooter (Spriggan Hunter)                    Turns: 1257, Time: 00:00:07

Health: -1/22      AC:  3    Str:  7    XL:     4   Next: 26%
Magic:  5/5        EV: 20    Int: 10    God:
Gold:   66         SH:  5    Dex: 20    Spells: 3/3 levels left

rFire   + . .        a - +0 shortbow
rCold   . . .        (shield currently unavailable)
rNeg    . . .        c - +0 robe
rPois   .            (helmet restricted)
rElec   .            h - +0 cloak
rCorr   .            (gloves unavailable)
SInv    +            (boots unavailable)
Will    .....        d - amulet of reflection
Stlth   ++           g - ring of protection from fire
HPRegen 0.23/turn    (no ring)
MPRegen 0.09/turn

%: reflection
@: very quick
A: very small, no large weapons, unfitting armour, see invisible, speed 3
a: no special abilities


You were in a sewer.
You visited 1 branch of the dungeon, and saw 3 of its levels.
You also visited: Sewer.

You collected 126 gold pieces.
You spent 60 gold pieces at shops.


Innate Abilities, Weirdness & Mutations

You are very small and have problems with some larger weapons.
You are too small for most types of armour.
You have supernaturally acute eyesight. (SInv)
You cover ground extremely quickly. (Speed+++)


   Skills:
 - Level 1.5 Fighting
 - Level 5.0 Ranged Weapons
 + Level 4.7 Dodging
 - Level 1.5 Stealth


You had 3 spell levels left.
You didn't know any spells.
Your spell library was empty.

Inventory:

Hand Weapons
 a - a +0 shortbow (weapon)
Armour
 c - a +0 robe (worn)
 h - a +0 cloak (worn)
Jewellery
 d - an amulet of reflection (around neck)
 g - a ring of protection from fire (left hand)
Scrolls
 e - a scroll of teleportation
Potions
 b - a potion of haste {unknown}
 i - a potion of attraction {unknown}

Dungeon Overview and Level Annotations

Branches:
Dungeon (3/15)              Sewer (1/1)

Altars:

Shops:
D:2 *


Message History

The rat completely misses you. x2
You shoot an arrow.
The arrow hits the rat but does no damage.
The rat barely misses you.
You shoot an arrow. The arrow hits the rat.
The rat is severely wounded.
The rat bites you.
You shoot an arrow. The arrow hits the rat.
You kill the rat!
A kobold brigand comes into view.
It is wielding a +0 short sword and quivering curare-tipped darts.
The kobold brigand hits the plant with a +0 short sword.
The plant begins to die.
The kobold brigand hits the plant with a +0 short sword.
The kobold brigand splashes around in the water.
The kobold brigand hits the plant with a +0 short sword.
A nearby plant withers and dies.
You shoot an arrow.
The arrow hits the kobold brigand but does no damage.
The kobold brigand misses you.
You shoot an arrow.
The arrow barely misses the kobold brigand.
The arrow hits the plant.
The plant begins to die.
The plant is lightly damaged.
The kobold brigand hits you with a +0 short sword.
You shoot an arrow.
The arrow barely misses the kobold brigand.
The arrow hits the plant.
The plant is lightly damaged.
The kobold brigand barely misses you.
You shoot an arrow. The arrow hits the kobold brigand!
The kobold brigand is moderately wounded.
The kobold brigand hits you with a +0 short sword.
You shoot an arrow.
The arrow barely misses the kobold brigand.
The arrow hits the plant!
The plant is lightly damaged.
A nearby plant withers and dies.
The kobold brigand hits you with a +0 short sword!
The kobold brigand hits you with a +0 short sword.
You die...

~~~~~~P..#
######P.P# #...~~~#
##~.~.~## #
####~.~..## .##
#~###~..~....##
~~..#~#)...#~#..~~##
...~.....~.#~#~~%.P#
..~.~.~@...#~#~%...#
~~...~KPP.~#~#~~P.P#
..~~~~#~#.~#~#.PPP.#
~.~..~#~#########.##
.~..~ #~# ~~~~~~%..#
.~.~~ #~# #######.##
..~. #~. ##.# P.P.
#~# ###


You could see a kobold brigand.

Vanquished Creatures
  2 adders (Sewer)
  A dart slug (D:1)
  2 orcs (D:3)
  6 bats
  5 endoplasms
  7 giant cockroaches
  3 goblins (D:1)
  2 hobgoblins (D:2)
  5 jackals
  5 quokkas
  2 ball pythons
  3 frilled lizards
  8 kobolds
  9 rats
60 creatures vanquished.

Notes
Turn   | Place    | Note
-------+----------+-------------------------------------------
     0 | D:1      | qw the Spriggan Hunter began the quest for the Orb.
     0 | D:1      | Reached XP level 1. HP: 10/10 MP: 2/2
     0 | D:1      | 0 ||| qw: Version: 0.3-a-155-g5e7d8dd
     0 | D:1      | 0 ||| qw: Game counter: 207
     0 | D:1      | 0 ||| qw: Melee chars always use a shield: true
     0 | D:1      | 0 ||| qw: God list: Okawaru
     0 | D:1      | 0 ||| qw: Allow faded altars: false
     0 | D:1      | 0 ||| qw: Do Orc after clearing Dungeon:15 true
     0 | D:1      | 0 ||| qw: Do second Lair branch before Depths: true
     0 | D:1      | 0 ||| qw: Lair rune preference: random
     0 | D:1      | 0 ||| qw: Goals: Normal
     0 | D:1      | 0 ||| PLANNING D:1-11
    22 | D:1      | Reached skill level 3 in Dodging
    90 | D:1      | Reached XP level 2. HP: 14/14 MP: 3/3
   684 | D:1      | 684 ||| UPGRADING to +0 cloak.
   689 | D:1      | 689 ||| READING 2 scrolls labelled KAJIOM TOUS.
   693 | D:1      | 693 ||| READING scroll labelled JUILOGH BICLOP.
   693 | D:1      | 693 ||| IDENTIFYING viscous clear potion
   694 | D:1      | 694 ||| DROPPING scroll of butterflies.
   695 | D:1      | 695 ||| DROPPING potion of degeneration.
   706 | D:2      | Reached XP level 3. HP: 18/18 MP: 4/4
   832 | D:2      | 832 ||| READING scroll of identify.
   832 | D:2      | 832 ||| IDENTIFYING sapphire potion
   833 | D:2      | 833 ||| READING scroll labelled JUTZID UN XOCH.
   835 | D:2      | 835 ||| Stepping ~*~*~tactically~*~*~ (cloud).
   837 | D:2      | 837 ||| DRINKING potion of curing.
   837 | D:2      | 837 ||| (to cure poison)
   863 | D:2      | Found Pogu's Assorted Antiques.
   878 | D:2      | 878 ||| BUYING golden potion (18 gold).
   878 | D:2      | Bought a golden potion for 18 gold pieces
   878 | D:2      | 878 ||| BUYING scroll labelled ATIUNKECVOQ (21 gold).
   878 | D:2      | Bought a scroll labelled ATIUNKECVOQ for 21 gold pieces
   878 | D:2      | 878 ||| BUYING scroll labelled QYCKYB VUGIR (21 gold).
   878 | D:2      | Bought a scroll labelled QYCKYB VUGIR for 21 gold pieces
   878 | D:2      | 878 ||| SHOPLISTING scroll of identify (42 gold, have 20).
   878 | D:2      | 878 ||| SHOPLISTING scroll of teleportation (63 gold, have
                  | 20).
  1065 | D:2      | 1065 ||| UPGRADING to ring of protection from fire.
  1066 | D:2      | 1066 ||| READING scroll labelled ATIUNKECVOQ.
  1067 | D:2      | 1067 ||| READING scroll labelled QYCKYB VUGIR.
  1087 | D:3      | 1087 ||| PLANNING SEWER
  1122 | D:3      | Found a glowing drain.
  1131 | D:3      | 1131 ||| UPGRADING to amulet of reflection.
  1140 | D:3      | Reached skill level 5 in Ranged Weapons
  1149 | Sewer    | Entered a sewer
  1173 | Sewer    | Reached XP level 4. HP: 22/22 MP: 5/5
  1232 | Sewer    | Noticed a kobold brigand
  1257 | Sewer    | HP: 3/22 [kobold brigand/+0 short sword (9)]
  1257 | Sewer    | Slain by a kobold brigand

Levels and vault maps discovered:
D:1:      ncdulo_lavacross, layout_loops_ring, minmay_tree_intersection
D:2:      layout_rooms, serial_shops, nicolae_diamond_shop, nicolae_the_louvre
D:3:      layout_basic, ebering_ghost_disaster_area,
          hellmonk_ecumenical_altar_dog_temple, portal_sewer_entry_f
Sewer:    sewer_co_scattered_pipes

Skill      XL: |  1  2  3 |
---------------+----------+-----
Dodging        | 3 4 |  4.7
Ranged Weapons | 5 |  5.0
Fighting       | |  1.5
Stealth        | |  1.5

Action                     |  1- 3 |  4- 6 || total
---------------------------+-------+-------++-------
   Fire: Shortbow          |   127 |    34 ||   161
    Use: Scroll            |     6 |       ||     6
         Potion            |     1 |       ||     1
 Armour: Robe              |    11 |     6 ||    17
  Dodge: Dodged            |    43 |    16 ||    59
  Block: Other             |       |     4 ||     4

Table legend:
 A = Non-vault XP
 B = Vault XP
 C = Vault XP percentage of total XP
 D = Non-vault monster count
 E = Vault monster count
 F = Vault count percentage of total count
                 A         B        C        D         E       F
            +---------+---------+-------+---------+---------+-------
      Total |      76 |      47 |  38.2 |      45 |      15 |  25.0
            +---------+---------+-------+---------+---------+-------
        D:1 |      39 |       0 |   0.0 |      25 |       0 |   0.0
        D:2 |      31 |       0 |   0.0 |      18 |       0 |   0.0
        D:3 |       6 |      12 |  66.7 |       2 |       6 |  75.0
      Sewer |       0 |      35 | 100.0 |       0 |       9 | 100.0
            +---------+---------+-------+---------+---------+-------
